 Dungeon Crawl Stone Soup version 0.31-a0-1589-g8f5e8aebd6 (webtiles) character file.

Game seed: 1717437956705069553

14 voltaire321 the Digger (level 2, -10/24 HPs)
             Began as a Gargoyle Earth Elementalist on Jan 6, 2024.
             Mangled by Terence
             ... wielding a +2 short sword of electrocution
              (11 damage)
             ... on level 2 of the Dungeon.
             The game lasted 00:02:04 (925 turns).

voltaire321 the Digger (Gargoyle Earth Elementalist) Turns: 925, Time: 00:02:05

Health: -10/24     AC: 21    Str:  8 (11) XL:     2   Next: 41%
Magic:  5/5        EV:  2    Int: 12 (15) God:
Gold:   41         SH:  0    Dex:  7 (10) Spells: 4/5 levels left

rFire   . . .        e - +0 dagger
rCold   . . .        (no shield)
rNeg    + . .        a - melded +0 robe
rPois   ∞            (helmet currently unavailable)
rElec   .            (cloak currently unavailable)
rCorr   .            (gloves currently unavailable)
SInv    +            (boots currently unavailable)
Will    .....        (no amulet)
Stlth   ++           f - ring of see invisible
HPRegen 0.24/turn    (no ring)
MPRegen 0.09/turn

%: no passive effects
@: tree-form
A: stationary, stasis, torment immunity, boosted hp, sickness immunity, AC +2,
negative energy resistance 1, (electricity resistance), torment resistance 1,
petrification resistance
a: no special abilities


You were on level 2 of the Dungeon.
You were a tree.
You visited 1 branch of the dungeon, and saw 2 of its levels.

You collected 41 gold pieces.

Inventory:

Hand Weapons
 e - a +0 dagger (weapon)
Armour
 a - a +0 robe (melded)
Jewellery
 f - a ring of see invisible (left branch)
 k - an amulet of magic regeneration
Scrolls
 g - 2 scrolls of identify {unknown}
 i - a scroll of revelation {unknown}
 j - a scroll of blinking {unknown}
Potions
 h - a potion of degeneration


   Skills:
 + Level 0.8 Fighting
 + Level 0.7 Armour
 + Level 1.8 Dodging
 - Level 2.1 Stealth
 + Level 2.1 Spellcasting
 + Level 1.3 Conjurations
 + Level 3.7 Earth Magic


You had 4 spell levels left.
You knew the following spells:

 Your Spells              Type           Power      Damage    Failure   Level
a - Sandblast             Erth           20%        2d7       6%          1

Your spell library contained the following spells:

 Spells                   Type           Power      Damage    Failure   Level
 Passwall                 Erth           10%        N/A       17%         3
 Stone Arrow              Conj/Erth      14%        3d7       28%         3
 Gell's Gravitas          Tloc           1%         N/A       63%         3
 Teleport Other           Tloc           1%         N/A       63%         3
 Brom's Barrelling Bould  Conj/Erth      7%         2d3       67%         4
 Petrify                  Alch/Erth      5%         N/A       77%         4
 Dispersal                Tloc           0%         N/A       100%        6


Dungeon Overview and Level Annotations

Branches:
Dungeon (2/15)

Altars:

Annotations:
D:2 Terence


Innate Abilities, Weirdness & Mutations

You are a tree.
Your roots penetrate the ground, keeping you stationary.
You cannot be teleported.
You are immune to unholy pain and torment.
Your maximum health is greatly increased.
Your equipment is partially melded.
You are immune to sickness and miasma.
((Your stone body is resilient. (AC +2)))
You are immune to poison.
You resist negative energy. (rN+)
((You are resistant to electric shocks. (rElec)))
You are resistant to unholy torment.
You are immune to petrification.


Message History

Aim: Terence, wielding a +2 short sword of electrocution and wearing a +0 scale mail (moderately wounded, 84% to hit)
The blast of sand hits Terence!
Terence is severely wounded.
Terence hits you with a +2 short sword of electrocution.
Aiming: Sandblast (safe; 4% risk of failure)
Press: ? - help, Q - select action Shift-Dir - straight line, f/p - Terence
Aim: Terence, wielding a +2 short sword of electrocution and wearing a +0 scale mail (severely wounded, 84% to hit)
The blast of sand hits Terence but does no damage.
Terence is severely wounded.
Terence hits you but does no damage. x2
You hit Terence.
Terence is severely wounded.
Terence hits you with a +2 short sword of electrocution.
You completely miss Terence.
Terence is severely wounded.
Terence barely misses you.
You hit Terence but do no damage.
Terence is severely wounded.
Terence hits you but does no damage.
You are electrocuted!
Ouch! That really hurt!
* * * LOW HITPOINT WARNING * * *
You feel better.
Terence hits you with a +2 short sword of electrocution.
* * * LOW HITPOINT WARNING * * *
It was a potion of degeneration.
There was something very wrong with that liquid.
You feel weakened.
You feel dopey.
You feel clumsy. Terence hits you but does no damage.
Aiming: Sandblast (safe; 6% risk of failure)
Press: ? - help, Q - select action Shift-Dir - straight line, f/p - Terence
Aim: Terence, wielding a +2 short sword of electrocution and wearing a +0 scale mail (severely wounded, 84% to hit)
The blast of sand hits Terence but does no damage.
Terence is severely wounded.
Terence hits you but does no damage. Magic courses through your body.
Terence hits you with a +2 short sword of electrocution.
* * * LOW HITPOINT WARNING * * *
You are electrocuted!
You die...
Terence says, "That felt goooood."

.........##### #.#
###.###......# #.#
##...###.###.# #.#
#.....##.# #.# #.#
##...###.###.###.#
##.## #.........#
#.# #########.#
#<# #.# #+# #♣#
#@# #.# #.#
#.........#
......[........
###.....###.###
#.....# # #.##.##


You could see Terence.

Vanquished Creatures
  A dart slug (D:1)
  An endoplasm (D:1)
  2 kobolds (D:1)
  4 bats (D:1)
  3 frilled lizards (D:1)
  2 goblins (D:1)
  2 rats (D:1)
15 creatures vanquished.

Notes
Turn   | Place    | Note
-------+----------+-------------------------------------------
     0 | D:1      | voltaire321 the Gargoyle Earth Elementalist began the quest
                  | for the Orb.
     0 | D:1      | Reached XP level 1. HP: 10/10 MP: 3/3
   207 | D:1      | Reached XP level 2. HP: 16/16 MP: 1/5
   270 | D:1      | Found a faded altar of an unknown god.
   902 | D:2      | Noticed Terence
   921 | D:2      | HP: 1/24 [Terence/+2 short sword of electrocution (13)]
   925 | D:2      | Mangled by Terence

Illustrated notes

Levels and vault maps discovered:
D:1:      giann_wishing_wells, layout_loops_ring,
          chequers_ecumenical_altar_island, grunt_decor_mini_mirrors
D:2:      layout_loops_corners, serial_shops, nicolae_shop_overgrown_old_shop,
          uniq_terence

Action                     || total
---------------------------++-------
  Melee: Unarmed           ||     1
         Dagger            ||    11
   Cast: Sandblast         ||    25
    Use: Potion            ||     5
 Armour: Robe              ||     9
         Skin              ||    12
  Dodge: Dodged            ||     8

Table legend: (Time is in decaauts)
 A = Elapsed time spent in this place.
 B = Non-inter-level travel time spent in this place.
 C = Inter-level travel time spent in this place.
 D = Time resting spent in this place.
 E = Time spent auto-exploring this place.
 F = Levels seen in this place.
 G = Mean time per level.
                   A        B        C        D        E       F      G
               +--------+--------+--------+--------+--------+-----+--------+
         Total |    939 |    909 |     30 |     51 |    713 |   2 |  469.5 |
       Dungeon |    939 |    909 |     30 |     51 |    713 |   2 |  469.5 |
               +--------+--------+--------+--------+--------+-----+--------+

Top non-repeatable levels by time:
     D:1: 874 daAuts
     D:2: 65 daAuts
